 Dungeon Crawl Stone Soup version 0.31-a0-818-ge7c7cf74f0 (webtiles) character file.

Game seed: 9545176875104637861

48 Kurtz the Trooper (level 3, -2/26 HPs)
             Began as an Octopode Fighter on Sept 23, 2023.
             Slain by a gnoll
             ... wielding a +0 club
              (4 damage)
             ... on level 2 of the Dungeon.
             The game lasted 00:00:38 (1340 turns).

Kurtz the Trooper (Octopode Fighter)                Turns: 1340, Time: 00:00:39

Health: -2/26      AC:  1    Str: 17    XL:     3   Next: 72%
Magic:  3/3        EV: 13    Int: 10    God:
Gold:   104        SH:  4    Dex: 11    Spells: 2/2 levels left

rFire   . . .        a - +0 war axe
rCold   . . .        b - +0 buckler
rNeg    . . .        (helmet restricted)
rPois   .            (no amulet)
rElec   .            (no ring)
rCorr   .            (no ring)
SInv    .            (no ring)
Will    .....        (no ring)
Stlth   ++           (no ring)
HPRegen 0.24/turn    (no ring)
MPRegen 0.08/turn    (no ring)
                     (no ring)

%: no passive effects
@: no status effects
A: almost no armour, amphibious, 8 rings, camouflage 1, gelatinous body 1,
(nimble swimmer 1), tentacles
a: no special abilities


You were on level 2 of the Dungeon.
You visited 1 branch of the dungeon, and saw 2 of its levels.

You collected 104 gold pieces.

Inventory:

Hand Weapons
 a - a +0 war axe (weapon)
Armour
 b - a +0 buckler (worn)
Scrolls
 d - a scroll of revelation {unknown}
 e - 4 scrolls of identify {unknown}
 g - a scroll of immolation {unknown}
 i - a scroll of teleportation {unknown}
Potions
 c - 3 potions of might
 f - a potion of brilliance {unknown}
 h - a potion of ambrosia {unknown}


   Skills:
 * Level 3.5 Fighting
 * Level 2.8 Axes
 * Level 3.5 Dodging
 - Level 3.0 Shields


You had 2 spell levels left.
You didn't know any spells.
Your spell library was empty.

Dungeon Overview and Level Annotations

Branches:
Dungeon (2/15)

Altars:


Innate Abilities, Weirdness & Mutations

You cannot wear most types of armour.
You are amphibious.
You can wear up to eight rings at the same time.
Your skin changes colour to match your surroundings (Stealth+).
Your rubbery body absorbs attacks. (AC +1, EV +1)
((You are camouflaged when in or above water. (Stealth+)))
You have tentacles for arms and can constrict up to eight enemies at once.


Message History

The endoplasm quivers.
An endoplasm is nearby!
You hit the endoplasm.
The endoplasm is moderately wounded.
The endoplasm freezes you.
You are frozen.
The endoplasm freezes you.
You are frozen.
An endoplasm is nearby!
You slash the endoplasm!
You kill the endoplasm!
No target in view!
You now have 96 gold pieces (gained 7).
Found a robe.
No target in view!
You see here a +0 robe.
An endoplasm comes into view.
Found 8 gold pieces.
Found 4 stones.
The endoplasm freezes you.
You are frozen.
An endoplasm is nearby!
You hit the endoplasm. You squeeze the endoplasm.
You kill the endoplasm!
e - 4 scrolls labelled JUVVURPH CEEX (gained 1)
You now have 104 gold pieces (gained 8).
A gnoll comes into view. It is wielding a +0 halberd.
A gnoll comes into view. It is wielding a +0 club.
The gnoll shouts! x2; You hear a shout! x2
The gnoll barely misses you.
A gnoll comes into view. It is wielding a +0 spear.
There are monsters nearby!
You hit the gnoll but do no damage. Your grab misses the gnoll.
The gnoll hits you but does no damage. The gnoll hits you with a +0 club.
The gnoll hits you from afar with a +0 spear!
The gnoll hits you from afar with a +0 halberd!
Ouch! That really hurt!
* * * LOW HITPOINT WARNING * * *
The gnoll hits you with a +0 club.
You die... #### ##### gg#

..... #g#
####### #####@#
#....# ##.....#
#.##.#
###..#####
##.##.# #...##
...##.# #.######
#####[# #......#
#####.###......#
.......##......#
...............#


You could see 3 gnolls.

Vanquished Creatures
  An adder (D:2)
  2 dart slugs (D:2)
  A bat (D:1)
  7 endoplasms
  2 giant cockroaches (D:1)
  2 hobgoblins (D:1)
  A quokka (D:2)
  5 ball pythons (D:1)
  2 frilled lizards (D:1)
  3 goblins
  2 kobolds (D:1)
  4 rats
32 creatures vanquished.

Notes
Turn   | Place    | Note
-------+----------+-------------------------------------------
     0 | D:1      | Kurtz the Octopode Fighter began the quest for the Orb.
     0 | D:1      | Reached XP level 1. HP: 16/16 MP: 1/1
   343 | D:1      | Reached XP level 2. HP: 21/21 MP: 2/2
   878 | D:2      | Reached XP level 3. HP: 14/26 MP: 3/3
  1340 | D:2      | Slain by a gnoll

Illustrated notes

Levels and vault maps discovered:
D:1:      matt_arrival_grand_opening, layout_basic, minmay_hexomino_u4
D:2:      layout_rooms, ebering_ecumenical_altar_petrified

Action                     || total
---------------------------++-------
  Melee: War axe           ||    55
         Constrict         ||    10
         Tentacles         ||     7
   Stab: Sleeping          ||     5
 Armour: Skin              ||    18
  Dodge: Dodged            ||    28
  Block: Buckler           ||     7

Table legend: (Time is in decaauts)
 A = Elapsed time spent in this place.
 B = Non-inter-level travel time spent in this place.
 C = Inter-level travel time spent in this place.
 D = Time resting spent in this place.
 E = Time spent auto-exploring this place.
 F = Levels seen in this place.
 G = Mean time per level.
                   A        B        C        D        E       F      G
               +--------+--------+--------+--------+--------+-----+--------+
         Total |   1362 |   1339 |     23 |    269 |    874 |   2 |  681.0 |
       Dungeon |   1362 |   1339 |     23 |    269 |    874 |   2 |  681.0 |
               +--------+--------+--------+--------+--------+-----+--------+

Top non-repeatable levels by time:
     D:1: 859 daAuts
     D:2: 502 daAuts
